 Dungeon Crawl Stone Soup version 0.26.0-10-g1f06aea511 (webtiles) character file.

Game seed: 9598554020227410813

10449 inc the Nimble (level 11, -8/53 HPs)
             Began as a Felid Chaos Knight on Jan 31, 2021.
             Was a Plaything of Xom.
             Engulfed by a fire giant's flame (11 damage)
             ... on level 12 of the Dungeon.
             The game lasted 00:30:52 (15887 turns).

inc the Nimble (Felid Chaos Knight)                Turns: 15887, Time: 00:30:53

Health: -8/53      AC:  7    Str: 10    XL:     11   Next: 36%
Magic:  0/12       EV: 31    Int: 14    God:    Xom [.*....]
Gold:   2158       SH:  0    Dex: 19    Spells: 10/10 levels left
                                        Lives:  0   Deaths: 3

rFire    + . .     SeeInvis +     - Unarmed
rCold    + . .     Faith    .   (shield unavailable)
rNeg     . . .     Spirit   +   (armour unavailable)
rPois    +         Reflect  .   (helmet unavailable)
rElec    +         Harm     .   (cloak unavailable)
rCorr    +         Rampage  .   (gloves unavailable)
Will     ++...                  (boots unavailable)
Stlth    +++.......             s - amulet of guardian spirit
HPRegen  0.17/turn              c - ring of stealth
MPRegen  0.13/turn              v - ring of resist corrosion

@: confused, about to teleport, resistant, quick
A: very small, no armour, no weapons or thrown items, stealth, claws 1, fangs 3,
horns 1, icy blue scales 1, slimy green scales 2, see invisible, speed 1,
strong-willed 1, shaggy fur 2, strong 1, wild magic 3, sharp paws
a: Renounce Religion


You were on level 12 of the Dungeon.
You worshipped Xom.
You were a plaything of Xom.
You visited 1 branch of the dungeon, and saw 12 of its levels.
You also visited: Sewer.

You collected 2158 gold pieces.

Inventory:

Jewellery
 c - a ring of stealth (left paw)
 o - a +4 ring of evasion {unknown}
 s - an amulet of guardian spirit (around neck)
 v - a ring of resist corrosion (right paw)
 A - the ring of the Ladybird {+Inv rPois rF+ rC+ AC+4 Int-5}
   (You took it off a boggart on level 12 of the Dungeon)

   [ring of protection]

   It affects your AC (+4).
   It affects your intelligence (-5).
   It protects you from fire.
   It protects you from cold.
   It protects you from poison.
   It lets you turn invisible.
Wands
 d - a wand of random effects (24)
 n - a wand of polymorph (12)
 q - a wand of acid (7)
 w - a wand of paralysis (6)
 x - a wand of digging (7)
 E - a wand of flame (15)
 G - a wand of enslavement (9)
Scrolls
 a - 7 scrolls of remove curse
 e - 2 scrolls of enchant armour {unknown}
 h - 3 scrolls of blinking {unknown}
 k - a scroll of summoning {unknown}
 p - 2 scrolls of amnesia
 r - 3 scrolls of teleportation
 y - a scroll of torment
 B - 2 scrolls of immolation
 D - a scroll of magic mapping
Potions
 b - 3 potions of ambrosia
 f - 2 potions of haste
 g - 3 potions of brilliance
 i - 2 potions of magic
 j - 2 potions of mutation
 l - a potion of flight
 m - a potion of berserk rage
 t - a potion of invisibility
 u - 2 potions of degeneration
 z - a potion of resistance
 C - a potion of might
 F - a potion of lignification {unknown}


   Skills:
 - Level 9.2 Fighting
 - Level 13.7 Dodging
 + Level 4.9 Stealth
 - Level 11.0 Unarmed Combat
 - Level 11.6 Evocations


You had 10 spell levels left.
You didn't know any spells.
Your spell library contained the following spells:

 Spells                   Type           Power        Failure   Level
 Magic Dart               Conj           0%           54%         1
 Summon Small Mammal      Summ           0%           54%         1
 Call Imp                 Summ           0%           67%         2
 Passwall                 Tmut/Erth      0%           67%         2
 Call Canine Familiar     Summ           0%           86%         3
 Ignite Poison            Fire/Tmut/Pois 0%           86%         3
 Summon Guardian Golem    Hex/Summ       0%           86%         3
 Leda's Liquefaction      Hex/Erth       0%           99%         4
 Summon Ice Beast         Ice/Summ       0%           99%         4
 Summon Lightning Spire   Summ/Air       0%           99%         4
 Fireball                 Conj/Fire      0%           100%        5
 Starburst                Conj/Fire      0%           100%        6
 Spellforged Servitor     Conj/Summ      0%           100%        7
 Ignition                 Fire           0%           100%        8


Dungeon Overview and Level Annotations

Branches:
Dungeon (12/15)              Lair (0/6) D:10            Orc (0/2) D:9
  Sewer (visited)
 Temple: D:4-7

Altars:
Cheibriados
Dithmenos
Elyvilon
Gozag
Hepliaklqana
Nemelex Xobeh
Okawaru
Trog
Vehumet
Wu Jian
Xom
Yredelemnul
The Shining One


Innate Abilities, Weirdness & Mutations

You cannot wear armour.
You are incapable of wielding weapons or throwing items.
Your paws allow you to move quietly. (Stealth)
You have sharp claws.
You have razor-sharp teeth.
You have supernaturally acute eyesight. (SInv)
You cover ground quickly.
You are covered in thick fur. (AC +2)
Your sharp claws are effective at attacking unaware monsters.
You have a pair of small horns on your head.
You are partially covered in icy blue scales. (AC +2)
You are mostly covered in slimy green scales. (AC +3)
You are strong-willed. (Will+)
Your muscles are strong. (Str +2)
Your spells are much harder to cast, but much more powerful.


Message History

The fire giant gestures at you while chanting.
The bolt of fire misses you.
The electric eel shoots out a bolt of lightning at you!
The bolt of electricity misses you.
There is an open door here.
As you read the scroll of teleportation, it crumbles to dust.
You feel strangely unstable.
The fire giant gestures at you while chanting.
The bolt of fire hits you!
* * * LOW HITPOINT WARNING * * *
Okay, then.
You feel protected.
You are engulfed in blazing flames.
You resist.
* * * LOW HITPOINT WARNING * * *
Okay, then.
Okay, then.
You are confused.
You feel invigorated.
You are engulfed in blazing flames.
You resist.
You die...
Xom chortles!

....# #..#♣≈≈≈≈.".≈≈≈≈♣# ....#
#.[#≈≈≈≈≈)♣(;≈≈≈≈' ....#
#..#♣≈≈≈≈.$.≈≈≈≈♣ ≈...≈
.##.###..# ♣≈≈♣≈≈≈♣≈≈♣ ♣≈≈≈♣
.........# ♣≈≈≈≈≈≈(♣ ≈≈c≈≈
###.####.# ♣♣≈§§§≈♣♣ ≈g≈ ....#
#.# ♣♣≈C§♣♣ ≈≈≈ ###.# #.# ♣♣≈♣♣
♣≈♣ #.#.# #.# #@# #'# ..#.# #.#
♣♣§§♣ ♣≈♣ ..#.# #.# ♣♣≈§≈♣♣ ♣≈≈≈♣
..#.# #.# ♣♣≈≈≈≈≈♣♣ ♣≈≈≈≈≈ ..#.#
#.# ♣♣≈≈≈≈≈≈≈♣♣ ♣≈≈≈≈≈≈
.<#.####.#♣♣≈≈♣≈≈≈♣≈≈♣♣ ♣≈≈♣≈≈≈♣
.........#♣≈≈≈≈...≈≈≈≈♣#♣≈≈≈≈.z.≈
..######.#≈≈≈≈≈.♣.≈≈≈≈≈#≈≈≈ ≈.♣:≈
.........#♣≈≈≈≈.(.≈≈≈≈♣#♣≈≈≈≈. .≈


You could see a fire giant.

Vanquished Creatures
  Kirke (D:12)
  A boulder beetle (D:12)
  2 centaur warriors (D:12)
  2 two-headed ogres
  2 unseen horrors
  3 ugly things
  2 cyclopes
  A black mamba (D:10)
  2 gargoyles
  A cane toad (shapeshifter) (D:12)
  3 centaur skeletons
  A komodo dragon (D:10)
  4 trolls
  A hornet (D:10)
  A queen bee (D:9)
  9 yaks
  A basilisk (D:11)
  A hog (D:11)
  A warg (D:9)
  A water moccasin (D:12)
  3 orc warriors
  A hornet zombie (D:9)
  3 sky beasts
  3 black bears (D:10)
  3 phantoms
  6 ice beasts
  A necrophage (D:7)
  An eye of draining (D:11)
  A boggart (D:12)
  3 centaurs
  5 ogres
  A big kobold (D:12)
  A gnoll sergeant (D:9)
  8 bullfrogs
  3 scorpions
  26 killer bees (D:9)
  12 wights
  4 howler monkeys
  A bullfrog zombie (D:10)
  A centaur zombie (D:6)
  7 hounds
  A quasit (D:5)
  2 jellies (D:8)
  9 orc priests
  3 bullfrog skeletons
  A gnoll shaman (D:6)
  4 iguanas
  6 orc wizards
  Natasha (thrice) (D:3)
  9 worker ants
  A hound zombie (D:5)
  10 gnolls
  A howler monkey skeleton (D:5)
  12 adders
  5 shadow imps
  A white imp (D:10)
  2 ufetubi
  An ooze (D:1)
  An adder skeleton (D:5)
  3 worms (D:2)
  3 dart slugs
  6 leopard geckos
  43 orcs
  6 ball pythons
  16 giant cockroaches
  5 goblins
  7 hobgoblins
  6 jackals
  5 quokkas
  4 bats
  7 frilled lizards
  19 kobolds
  A leopard gecko skeleton (D:4)
  3 quokka skeletons
  10 rats
350 creatures vanquished.

Vanquished Creatures (collateral kills)
  An ogre (D:10)
  A centaur (D:12)
  An orc priest (D:6)
  A worker ant (D:6)
  A centaur skeleton (D:6)
  2 gnolls (D:6)
  2 adders
9 creatures vanquished.

Vanquished Creatures (others)
  A two-headed ogre (D:11)
  2 humans (D:12)
  An ice beast (D:5)
  A kobold (D:12)
  44 fungi (D:10)
  45 plants (D:10)
  7 withered plants (D:7)
101 creatures vanquished.

Grand Total: 460 creatures vanquished

Notes
Turn   | Place    | Note
-------+----------+-------------------------------------------
     0 | D:1      | inc the Felid Chaos Knight began the quest for the Orb.
     0 | D:1      | Reached XP level 1. HP: 10/10 MP: 2/2
    14 | D:1      | XOM: silly message
   164 | D:1      | Reached XP level 2. HP: 12/14 MP: 3/3
   281 | D:1      | XOM: silly message
   371 | D:1      | Reached skill level 4 in Dodging
   466 | D:1      | Reached XP level 3. HP: 17/17 MP: 4/4
   884 | D:2      | Found a white marble altar of Elyvilon.
   943 | D:2      | Found a glowing golden altar of the Shining One.
  1035 | D:2      | Found a radiant altar of Vehumet.
  1179 | D:2      | XOM: give mutations
  1179 | D:2      | Gained mutation: You are resistant to electric shocks.
                  | (rElec) [Xom's grace]
  1179 | D:2      | Gained mutation: Your muscles are strong. (Str +2) [Xom's
                  | grace]
  1179 | D:2      | Gained mutation: You expend magic power (3 MP) to
                  | strengthen your wands. [Xom's grace]
  1382 | D:2      | XOM: scenery: create altars
  1613 | D:2      | Reached XP level 4. HP: 21/21 MP: 5/5
  1643 | D:2      | XOM: god gift: 1259 gold pieces
  1736 | D:2      | Found a basalt altar of Yredelemnul.
  1749 | D:2      | XOM: silly message
  1815 | D:3      | XOM is BORED!
  1815 | D:3      | XOM: chaos cloud
  1853 | D:2      | XOM: divination: magic mapping
  1874 | D:2      | XOM: give mutations
  1874 | D:2      | Gained mutation: You have a pair of small horns on your
                  | head. [Xom's grace]
  1874 | D:2      | Gained mutation: Your spells are a little harder to cast,
                  | but a little more powerful. [Xom's grace]
  1874 | D:2      | Gained mutation: You are partially covered in slimy green
                  | scales. (AC +2) [Xom's grace]
  2049 | D:3      | Reached skill level 5 in Dodging
  2202 | D:3      | Noticed Ijyb
  2203 | D:3      | XOM: 3-stop teleportation journey
  2220 | D:3      | Noticed Natasha
  2226 | D:3      | Killed Natasha
  2465 | D:4      | Reached XP level 5. HP: 24/24 MP: 6/6
  2565 | D:4      | Found a glowing drain.
  2569 | Sewer    | Entered a sewer
  2754 | Sewer    | XOM is BORED!
  2754 | Sewer    | XOM: summons 3 hostile demons
  2755 | Sewer    | Reached skill level 6 in Dodging
  2759 | Sewer    | XOM: smoke on damage
  2774 | Sewer    | HP: 1/24 [shadow imp/nerve-wracking pain[Xom] (5)]
  2847 | Sewer    | HP: 1/24 [bullfrog (6)]
  2851 | Sewer    | Reached skill level 5 in Unarmed Combat
  2856 | Sewer    | Gained mutation: You are covered in thick fur. (AC +2)
                  | [Felid growth]
  2856 | Sewer    | Reached XP level 6. HP: 22/28 MP: 7/7
  3495 | D:3      | XOM: silly message
  3500 | D:3      | Reached skill level 7 in Dodging
  3617 | D:3      | Noticed Natasha
  3626 | D:3      | Killed Natasha
  3855 | D:3      | Noticed Ijyb
  3855 | D:3      | Ijyb changed into Ijyb the bullfrog
  3855 | D:3      | XOM: polymorph Ijyb -> Ijyb the bullfrog
  3861 | D:3      | Killed Ijyb the bullfrog
  3956 | D:3      | XOM: torment (14/28 hp)
  4077 | D:3      | Noticed Natasha
  4088 | D:3      | Killed Natasha
  4314 | D:3      | XOM: give mutations
  4314 | D:3      | Gained mutation: Your spells are harder to cast, but more
                  | powerful. [Xom's grace]
  4314 | D:3      | Gained mutation: You are partially covered in icy blue
                  | scales. (AC +2) [Xom's grace]
  4314 | D:3      | Gained mutation: Your spells are much harder to cast, but
                  | much more powerful. [Xom's grace]
  4314 | D:3      | Gained mutation: You are partially covered in thin metallic
                  | scales. (AC +2) [Xom's grace]
  4388 | D:3      | Found a bloodstained altar of Trog.
  4388 | D:3      | Found an opulent altar of Gozag.
  4573 | D:4      | Found an iron altar of Okawaru.
  4576 | D:4      | XOM: cloud trail
  4623 | D:4      | Reached XP level 7. HP: 31/31 MP: 8/8
  4750 | D:5      | Entered Level 5 of the Dungeon
  4776 | D:5      | Reached skill level 8 in Dodging
  4802 | D:5      | Found the +3 giant club "Skullcrusher" {speed, Str+7}
  4909 | D:5      | XOM: confuse monster(s)
  4920 | D:5      | XOM: polymorph shadow imp -> quasit
  4975 | D:5      | XOM: fog
  4988 | D:5      | XOM: destruction
  4989 | D:5      | Reached skill level 9 in Dodging
  5096 | D:5      | XOM: scenery: 1 doors open
  5245 | D:5      | XOM: fake destruction
  5254 | D:5      | Reached XP level 8. HP: 32/34 MP: 9/9
  5313 | D:5      | XOM: 2-stop teleportation journey
  5408 | D:5      | Found a glowing golden altar of the Shining One.
  5726 | D:5      | XOM: summons friendly shadow imp
  5847 | D:6      | XOM: scenery: summon butterflies
  5948 | D:6      | XOM: god gift: 2 curare-tipped darts
  6032 | D:6      | Reached skill level 10 in Dodging
  6137 | D:6      | XOM: confuse monster(s)
  6225 | D:6      | XOM: summons 5 hostile demons
  6393 | D:7      | Noticed a hellwing
  6399 | D:7      | XOM: cleaving
  6696 | D:7      | Found a hazy altar of Hepliaklqana.
  6912 | D:7      | XOM: silly message
  6927 | D:7      | Reached skill level 11 in Dodging
  6949 | D:7      | XOM is BORED!
  6949 | D:7      | XOM: 1-stop teleportation journey
  6955 | D:7      | XOM: smoke on damage
  6978 | D:6      | XOM: silly message
  6983 | D:6      | XOM: summons 3 friendly demons
  7047 | D:6      | XOM: give mutation
  7047 | D:6      | Gained mutation: Your flesh is cold resistant. (rC+) [Xom's
                  | grace]
  7277 | D:7      | Slain by a wyvern zombie
  7278 | D:7      | Reached XP level 7. HP: -1/30 MP: 8/8
  7281 | D:7      | XOM: enchant monster (good)
  7286 | D:7      | XOM: divination: detect items
  7287 | D:7      | Reached XP level 8. HP: 30/34 MP: 9/9
  7389 | D:8      | XOM: give mutations
  7389 | D:8      | Lost mutation: You expend magic power (3 MP) to strengthen
                  | your wands. [Xom's mischief]
  7389 | D:8      | Lost mutation: You are partially covered in thin metallic
                  | scales. (AC +2) [Xom's mischief]
  7922 | D:8      | XOM: noise
  7941 | D:8      | XOM: summons friendly shadow imp
  7946 | D:8      | Reached skill level 12 in Dodging
  8158 | D:8      | Found an ornate altar of the Wu Jian Council.
  8173 | D:8      | Found a shimmering altar of Xom.
  8174 | D:8      | Found a shimmering altar of Xom.
  8636 | D:9      | XOM: give mutations
  8636 | D:9      | Gained mutation: You are mostly covered in slimy green
                  | scales. (AC +3) [Xom's grace]
  8636 | D:9      | Gained mutation: You are agile. (Dex +2) [Xom's grace]
  8636 | D:9      | Gained mutation: You are strong-willed. (Will+) [Xom's
                  | grace]
  8727 | D:9      | Reached XP level 9. HP: 37/37 MP: 10/10
  8765 | D:9      | Found a shadowy altar of Dithmenos.
  8765 | D:9      | Found a sparkling altar of Nemelex Xobeh.
  8765 | D:9      | Found a snail-covered altar of Cheibriados.
  8775 | D:9      | XOM: summons friendly shadow imp
  8783 | D:9      | XOM: scenery: 1 fountains blood, 1 doors close
  8791 | D:9      | Reached skill level 10 in Unarmed Combat
  8832 | D:9      | XOM: god gift: 26 arrows
  8842 | D:9      | XOM: 2-stop teleportation journey
  8892 | D:9      | Found a staircase to the Orcish Mines.
  8894 | D:9      | XOM: fog
  8945 | D:9      | Reached skill level 13 in Dodging
  9140 | D:9      | Noticed a queen bee
  9156 | D:9      | XOM: summons 1 hostile demon
  9164 | D:9      | XOM: cleaving
  9192 | D:9      | XOM: chaos cloud
  9202 | D:9      | XOM: blink monster(s)
  9217 | D:9      | XOM: 6-stop teleportation journey
  9352 | D:9      | XOM: enchant monster (bad)
  9364 | D:9      | Reached XP level 10. HP: 31/42 MP: 9/11
  9826 | D:9      | XOM: stat loss: -1 Int (13/14)
  9842 | D:9      | XOM: confuse monster(s)
  9868 | D:9      | XOM: summons friendly shadow imp
 10086 | D:9      | XOM: confuse monster(s)
 10171 | D:10     | Entered Level 10 of the Dungeon
 10192 | D:10     | Reached skill level 5 in Fighting
 10267 | D:10     | Found a staircase to the Lair.
 10283 | D:10     | XOM: noise
 10287 | D:10     | XOM is BORED!
 10287 | D:10     | XOM: noise
 10293 | D:10     | XOM: smoke on damage
 10303 | D:10     | XOM: enchant monster (good)
 10596 | D:10     | XOM: potion effect (curing)
 10613 | D:10     | XOM: potion effect (magic)
 10642 | D:10     | Noticed a gargoyle
 10645 | D:10     | Killed a gargoyle
 10753 | D:10     | XOM: silly message
 10788 | D:10     | XOM: god gift: glowing quarterstaff {god gift}
 10793 | D:10     | XOM: 8-stop teleportation journey
 10802 | D:10     | XOM: enchant monster (good)
 10809 | D:10     | XOM: summons friendly crimson imp
 10818 | D:10     | XOM: noise
 10828 | D:10     | XOM: noise
 10830 | D:10     | XOM: enchant monster (good)
 10836 | D:10     | Noticed a black mamba
 10836 | D:10     | a yak changed into a black mamba
 10836 | D:10     | XOM: polymorph yak -> black mamba
 10851 | D:10     | Noticed an unseen horror
 11021 | D:11     | XOM: 1-stop teleportation journey
 11022 | D:11     | Noticed a green ugly thing
 11022 | D:11     | Noticed a gargoyle
 11039 | D:11     | XOM: chaos upgrade
 11043 | D:11     | XOM: blink monster(s)
 11060 | D:11     | XOM: 3-stop teleportation journey
 11060 | D:11     | Noticed a two-headed ogre
 11062 | D:11     | XOM: give mutation
 11062 | D:11     | Lost mutation: You are resistant to electric shocks.
                  | (rElec) [Xom's mischief]
 11064 | D:11     | XOM: 1-stop teleportation journey
 11073 | D:11     | Killed a green ugly thing
 11101 | D:12     | Noticed an unseen horror
 11104 | D:12     | XOM: give mutation
 11104 | D:12     | Lost mutation: Your flesh is cold resistant. (rC+) [Xom's
                  | mischief]
 11110 | D:12     | XOM: cleaving
 11116 | D:12     | XOM: swap monsters
 11126 | D:12     | Killed an unseen horror
 11130 | D:12     | XOM: 2-stop teleportation journey
 11130 | D:12     | Noticed a centaur warrior
 11130 | D:12     | Noticed a boulder beetle
 11133 | D:12     | XOM: confusion (+ monsters)
 11143 | D:12     | XOM: cleaving
 11147 | D:12     | Slain by a centaur warrior
 11148 | D:12     | Reached XP level 9. HP: -1/45 MP: 0/10
 11169 | D:11     | Reached XP level 10. HP: 49/49 MP: 11/11
 11296 | D:11     | Reached skill level 1 in Evocations
 11301 | D:11     | Noticed a cyan ugly thing
 11309 | D:11     | Killed a cyan ugly thing
 11391 | D:10     | XOM: give mutations
 11391 | D:10     | Lost mutation: You are agile. (Dex +2) [Xom's mischief]
 11407 | D:10     | XOM: silly message
 11415 | D:10     | XOM: divination: detect items
 11430 | D:10     | XOM: silly message
 11456 | D:10     | Killed a black mamba
 11632 | D:10     | XOM: god gift: 12 gold pieces
 11812 | D:10     | Reached skill level 5 in Evocations
 11927 | D:10     | XOM: confuse monster(s)
 11934 | D:10     | Killed an unseen horror
 12056 | D:11     | Noticed a boulder beetle
 12068 | D:11     | XOM: butterfly on damage
 12370 | D:11     | Noticed a two-headed ogre
 12382 | D:11     | Killed a two-headed ogre
 12551 | D:11     | Killed a gargoyle
 12552 | D:11     | Reached XP level 11. HP: 28/53 MP: 0/12
 12746 | D:11     | XOM: give mutations
 12746 | D:11     | Gained mutation: Potions are less effective at restoring
                  | your health. [Xom's mischief]
 12746 | D:11     | Lost mutation: Potions are less effective at restoring your
                  | health. [Xom's mischief]
 13013 | D:11     | Killed a two-headed ogre
 13013 | D:11     | XOM: divine lightning
 13119 | D:11     | XOM: scenery: create altars
 13285 | D:11     | XOM is BORED!
 13353 | D:11     | XOM: divination: detect items
 13506 | D:11     | XOM: divination: magic mapping
 13511 | D:11     | XOM: silly message
 13597 | D:12     | Noticed Kirke
 13601 | D:12     | XOM: swap monsters
 13603 | D:12     | XOM: confusion
 13608 | D:12     | Noticed a sphinx
 13615 | D:11     | XOM: polymorph hog -> basilisk
 13620 | D:11     | XOM: repel stairs
 13630 | D:11     | XOM: enchant monster (good)
 13639 | D:11     | XOM: silly message
 13640 | D:11     | XOM: cleaving
 13641 | D:11     | XOM: summons 11 friendly demons
 13649 | D:11     | XOM: chaos cloud
 13660 | D:11     | Mangled by a boulder beetle
 13661 | D:11     | Reached XP level 10. HP: -9/49 MP: 0/11
 13697 | D:11     | XOM: summons 1 hostile demon
 13698 | D:11     | Noticed a rust devil
 14042 | D:12     | Noticed a two-headed ogre
 14051 | D:12     | XOM: chaos upgrade
 14054 | D:12     | Killed a two-headed ogre
 14224 | D:12     | XOM: confuse monster(s)
 14225 | D:12     | XOM: blink monster(s)
 14228 | D:12     | Killed Kirke
 14229 | D:12     | Reached skill level 10 in Evocations
 14336 | D:12     | Noticed a cyclops
 14347 | D:12     | Killed a cyclops
 14383 | D:12     | Noticed a cyan ugly thing
 14400 | D:12     | XOM: polymorph cyan ugly thing -> purple ugly thing
 14431 | D:11     | XOM: enchant monster (good)
 14436 | D:12     | XOM: potion effect (haste)
 14447 | D:12     | XOM: enchant monster (bad)
 14777 | D:12     | Noticed a cane toad
 14777 | D:12     | a komodo dragon changed into a cane toad
 14782 | D:12     | Killed a centaur warrior
 14785 | D:12     | Killed a cane toad
 14786 | D:12     | Reached XP level 11. HP: 12/53 MP: 3/12
 14797 | D:12     | Noticed a brown ugly thing
 14824 | D:12     | XOM: summons 2 friendly demons
 14838 | D:12     | XOM: summons friendly iron imp
 14854 | D:12     | Killed a boulder beetle
 14872 | D:12     | XOM: 4-stop teleportation journey
 14966 | D:12     | XOM: fog
 15147 | D:12     | Identified the Catalogue of Arcane Weapons and the Rocks
 15153 | D:12     | XOM: divination: detect creatures
 15331 | D:12     | Identified the ring of the Ladybird {+Inv rPois rF+ rC+
                  | AC+4 Int-5}
 15337 | D:12     | Killed a brown ugly thing
 15788 | D:12     | Noticed a centaur warrior
 15789 | D:12     | XOM: blink monster(s)
 15811 | D:12     | Killed a centaur warrior
 15877 | D:12     | Noticed a fire giant
 15887 | D:12     | Engulfed by a fire giant's flame

Illustrated notes

Levels and vault maps discovered:
D:1:      dpeg_arrival_shelter, layout_basic, kennysheep_small_spiral,
          minmay_hexomino_c4
D:2:      layout_loops_ring, kennysheep_ying_yang, vehumet_crystals,
          serial_glass, glass_columns_c, glass_columns_c, glass_columns_a,
          glass_columns_a, tso_metal_star
D:3:      layout_loops_ring, gammafunk_temple_overflow_elements, uniq_natasha,
          uniq_ijyb
D:4:      layout_loops_ring, lemuel_coloured_pillars_altar, gup_sewer_entry_bowl
D:5:      layout_basic, marbit_many_paths, chequers_serial_rivers_room_b
D:6:      layout_rooms
D:7:      cheibrodos_grave_circle, layout_rooms, nzn_hepliaklqana_mist_gate,
          minmay_temple_entry_ruins, basic_altar
D:8:      layout_basic, nicolae_overflow_hidden_temple, xom_shifter_show
D:9:      layout_roguey [special_room_bee], gammafunk_temple_overflow_forgotten,
          erik_orc_4, chequers_serial_rivers_marsh
D:10:     layout_roguey, due_lair_maze_entry_diamond
D:11:     layout_cave_pods, st_stairs_5
D:12:     kennysheep_four_of_diamonds, layout_basic, nicolae_zen_rock_garden,
          grunt_ministairs_1, uniq_kirke

Skill      XL: |  1  2  3  4  5  6  7  8  9 10 11 |
---------------+----------------------------------+-----
Dodging        | 4 5 6 7 9 12 13 | 13.7
Unarmed Combat | 4 5 6 9 8 11 | 11.0
Fighting       | 9 |  9.2
Evocations     | 11 8 | 11.6
Stealth        | 4 |  4.9

Action                   |  1- 3 |  4- 6 |  7- 9 | 10-12 || total
-------------------------+-------+-------+-------+-------++-------
Melee: Unarmed           |   119 |   196 |   549 |   552 ||  1416
       Bite              |     5 |    17 |    44 |    76 ||   142
       Headbutt          |       |    27 |    91 |   122 ||   240
       Punch             |       |     1 |    27 |    40 ||    68
Evoke: Wand              |       |       |       |     3 ||     3
  Use: Scroll            |       |     4 |     3 |    15 ||    22
       Potion            |       |     3 |     4 |     9 ||    16
 Stab: Sleeping          |    11 |    15 |     8 |     9 ||    43
       Confused          |       |       |     3 |     5 ||     8
       Distracted        |       |       |     3 |     2 ||     5
       Invisible         |       |       |    11 |       ||    11
Armor: Skin              |     1 |    14 |    41 |    30 ||    86
Dodge: Dodged            |    80 |   206 |   648 |   597 ||  1531
